 Dungeon Crawl Stone Soup version 0.31-a0-182-gc5ef74bbde (webtiles) character file.

Game seed: 4029726697382807719

1885 qw the Skirmisher (level 9, 0/82 HPs)
             Began as a Naga Hunter on June 20, 2023.
             Was an Initiate of Okawaru.
             Shot with an arrow by a centaur (6 damage)
             ... on level 7 of the Dungeon.
             The game lasted 00:03:18 (6086 turns).

qw the Skirmisher (Naga Hunter)                     Turns: 6086, Time: 00:03:18

Health: 0/82       AC:  9    Str: 13    XL:     9   Next: 14%
Magic:  9/9        EV: 11    Int: 17    God:    Okawaru [......]
Gold:   427        SH:  0    Dex: 24    Spells: 8/8 levels left

rFire   . . .        Y - +0 shortbow
rCold   . . .        (shield currently unavailable)
rNeg    . . .        m - +3 leather armour "Uggiqath" {Fly Int+6 Stlth-}
rPois   +            i - +1 helmet
rElec   .            (no cloak)
rCorr   .            (no gloves)
SInv    +            (no barding)
Will    +....        c - amulet of regeneration
Stlth   +            d - +6 ring of dexterity
HPRegen 1.13/turn    (no ring)
MPRegen 0.11/turn

%: no passive effects
@: about to teleport, flying, very slow
A: AC +3, large, see invisible, deformed body, poison resistance, slowness 2,
spit poison 1, naga tail 1
a: Spit Poison, Renounce Religion


You were on level 7 of the Dungeon.
You worshipped Okawaru.
Okawaru was noncommittal.
You visited 2 branches of the dungeon, and saw 8 of its levels.

You collected 427 gold pieces.


Innate Abilities, Weirdness & Mutations

Your serpentine skin is tough. (AC +3)
You have supernaturally acute eyesight. (SInv)
Armour fits poorly on your strangely shaped body.
Your system is resistant to poisons. (rPois)
You cover ground very slowly.
You can spit poison.
You have a snake-like lower body.


   Skills:
 - Level 6.0 Fighting
 + Level 9.3 Ranged Weapons
 - Level 1.4 Armour
 - Level 3.0 Dodging
 - Level 1.5 Stealth


You had 8 spell levels left.
You didn't know any spells.
Your spell library was empty.

Inventory:

Hand Weapons
 Y - a +0 shortbow (weapon)
Armour
 i - a +1 helmet (worn)
 m - the +3 leather armour "Uggiqath" (worn) {Fly Int+6 Stlth-}
   (You found it on level 3 of the Dungeon)

   Int:       It affects your intelligence (+6).
   Fly:       It grants you flight.
   Stlth:     It makes you less stealthy.
Jewellery
 c - an amulet of regeneration (around neck)
 d - a +6 ring of dexterity (left hand)
Scrolls
 b - a scroll of identify
Potions
 a - a potion of degeneration {unknown}
 f - a potion of enlightenment
 g - a potion of lignification {unknown}
 h - a potion of magic {unknown}
 j - a potion of heal wounds {unknown}
 l - a potion of invisibility {unknown}
 n - a potion of curing {unknown}
 o - a potion of haste {unknown}

Dungeon Overview and Level Annotations

Branches:
Dungeon (7/15)             Temple (1/1) D:4

Altars:
Ashenzari
Cheibriados
Dithmenos
Elyvilon
Gozag
Hepliaklqana
Kikubaaqudgha
Okawaru
Ru
Sif Muna
Trog
Uskayaw
Wu Jian
Yredelemnul
Zin

Shops:
D:1 (

Annotations:
D:4 4 runed translucent doors


Message History

The gnoll is lightly wounded.
The centaur shoots an arrow.
The arrow hits you but does no damage. The gnoll barely misses you.
You shoot an arrow. The arrow hits the gnoll.
The gnoll is moderately wounded.
You have got your breath back.
The gnoll hits you with a +0 club.
The centaur shoots an arrow.
The arrow closely misses you.
6079 ||| INVOKING Spit Poison.
Aiming: Spit Poison (1% risk of failure)
Press: ? - help, Shift-Dir - straight line, f/p - gnoll The splash of poison misses the gnoll.
The centaur shoots an arrow.
The arrow hits you! The gnoll closely misses you.
You shoot an arrow.
The arrow hits the gnoll but does no damage.
The gnoll is moderately wounded.
The centaur shoots an arrow.
The arrow closely misses you. The gnoll barely misses you.
You shoot an arrow. The arrow closely misses the gnoll.
The centaur shoots an arrow.
The arrow hits you. The gnoll closely misses you.
You shoot an arrow. The arrow hits the gnoll.
The gnoll is heavily wounded.
The centaur shoots an arrow.
The arrow hits you. The gnoll closely misses you.
You shoot an arrow. The arrow closely misses the gnoll.
The centaur shoots an arrow.
The arrow hits you!
The centaur shoots an arrow.
The arrow hits you but does no damage. The gnoll closely misses you.
6084 ||| READING scroll of teleportation.
As you read the scroll of teleportation, it crumbles to dust.
You feel strangely unstable.
The centaur shoots an arrow.
The arrow completely misses you. The gnoll hits you but does no damage.
You shoot an arrow. The arrow hits the gnoll.
You kill the gnoll!
Okawaru accepts your kill.
The centaur shoots an arrow.
The arrow hits you.
The centaur shoots an arrow.
The arrow hits you!
You shoot an arrow. The arrow barely misses the centaur.
You have got your breath back.
The centaur shoots an arrow.
The arrow hits you.
You die...

.... . ..<. # ..
.#.# .# #..
##.#.###.# ..
#.......)##
#.##)##......##
#..))##...)...#
##.@......#..##.
#.c..##.#........
#.##..........#
.. ####.(.....#
... ##.###### #.
#...# # #...#
#...#######
#.........#


You could see a centaur.

Vanquished Creatures
  Eustachio (D:4)
  An ice beast (D:5)
  2 black bears (D:5)
  4 ogres
  A centaur (D:6)
  A phantom (D:4)
  A kobold brigand (D:4)
  A gnoll sergeant (D:7)
  3 scorpions
  6 hounds
  An orc priest (D:3)
  2 iguanas (D:5)
  3 jellies
  A sleepcap (D:6)
  4 gnolls (D:7)
  11 adders
  A shadow imp (D:6)
  4 ufetubi
  3 adder skeletons (D:2)
  2 adder zombies (D:2)
  3 worms
  4 dart slugs
  10 orcs
  6 ball pythons
  A bat skeleton (D:2)
  12 endoplasms
  6 giant cockroaches
  7 goblins
  10 hobgoblins
  2 jackals (D:4)
  3 quokkas
  A ball python skeleton (D:2)
  6 bats
  6 frilled lizards
  A jackal skeleton (D:2)
  10 kobolds
  A quokka skeleton (D:2)
  2 quokka zombies (D:2)
  4 rats
148 creatures vanquished.

Notes
Turn   | Place    | Note
-------+----------+-------------------------------------------
     0 | D:1      | qw the Naga Hunter began the quest for the Orb.
     0 | D:1      | Reached XP level 1. HP: 19/19 MP: 1/1
     0 | D:1      | 0 ||| qw: Version: 0.3-a-9-g12657ce
     0 | D:1      | 0 ||| qw: Game counter: 1242
     0 | D:1      | 0 ||| qw: Always use a shield: true
     0 | D:1      | 0 ||| qw: God list: Okawaru
     0 | D:1      | 0 ||| qw: Allow faded altars: false
     0 | D:1      | 0 ||| qw: Do Orc after D:15 true
     0 | D:1      | 0 ||| qw: Do second Lair branch before Depths: true
     0 | D:1      | 0 ||| qw: Lair rune preference: random
     0 | D:1      | 0 ||| qw: Plans: Normal
     0 | D:1      | 0 ||| PLANNING D:1-11
    53 | D:1      | 53 ||| INVOKING Spit Poison.
   131 | D:1      | 131 ||| INVOKING Spit Poison.
   178 | D:1      | Reached skill level 4 in Ranged Weapons
   178 | D:1      | Reached XP level 2. HP: 26/26 MP: 2/2
   182 | D:1      | Found Tisasia's Weapon Shop.
   185 | D:1      | 185 ||| INVOKING Spit Poison.
   208 | D:1      | 208 ||| INVOKING Spit Poison.
   216 | D:1      | 216 ||| INVOKING Spit Poison.
   226 | D:1      | 226 ||| INVOKING Spit Poison.
   237 | D:1      | 237 ||| INVOKING Spit Poison.
   248 | D:1      | 248 ||| INVOKING Spit Poison.
   251 | D:1      | 251 ||| INVOKING Spit Poison.
   292 | D:1      | 292 ||| INVOKING Spit Poison.
   298 | D:1      | 298 ||| INVOKING Spit Poison.
   303 | D:1      | 303 ||| INVOKING Spit Poison.
   312 | D:1      | 312 ||| INVOKING Spit Poison.
   314 | D:1      | Reached XP level 3. HP: 32/32 MP: 3/3
   325 | D:1      | 325 ||| INVOKING Spit Poison.
   371 | D:1      | 371 ||| INVOKING Spit Poison.
   379 | D:1      | 379 ||| INVOKING Spit Poison.
   393 | D:1      | 393 ||| INVOKING Spit Poison.
   401 | D:1      | 401 ||| INVOKING Spit Poison.
   418 | D:1      | 418 ||| INVOKING Spit Poison.
   419 | D:1      | 419 ||| INVOKING Spit Poison.
   425 | D:1      | 425 ||| INVOKING Spit Poison.
   486 | D:1      | 486 ||| INVOKING Spit Poison.
   494 | D:1      | 494 ||| INVOKING Spit Poison.
   566 | D:1      | 566 ||| INVOKING Spit Poison.
   576 | D:1      | 576 ||| INVOKING Spit Poison.
   593 | D:1      | 593 ||| INVOKING Spit Poison.
   652 | D:1      | 652 ||| INVOKING Spit Poison.
   816 | D:1      | 816 ||| READING scroll labelled TUARINKYNEU.
   817 | D:1      | 817 ||| READING scroll labelled SECKYOT BAOPSA.
   818 | D:1      | 818 ||| READING scroll labelled QITRIU MANAB.
   819 | D:1      | 819 ||| DROPPING scroll of butterflies.
   848 | D:2      | 848 ||| INVOKING Spit Poison.
   876 | D:2      | 876 ||| INVOKING Spit Poison.
   880 | D:2      | 880 ||| INVOKING Spit Poison.
   891 | D:2      | 891 ||| INVOKING Spit Poison.
   894 | D:2      | 894 ||| INVOKING Spit Poison.
   908 | D:2      | 908 ||| INVOKING Spit Poison.
   913 | D:2      | 913 ||| INVOKING Spit Poison.
   919 | D:2      | Reached skill level 5 in Ranged Weapons
   919 | D:2      | Reached XP level 4. HP: 39/39 MP: 4/4
   966 | D:2      | 966 ||| INVOKING Spit Poison.
  1001 | D:2      | 1001 ||| INVOKING Spit Poison.
  1075 | D:2      | 1075 ||| INVOKING Spit Poison.
  1122 | D:2      | 1122 ||| INVOKING Spit Poison.
  1241 | D:2      | Reached skill level 3 in Fighting
  1311 | D:2      | 1311 ||| INVOKING Spit Poison.
  1315 | D:2      | 1315 ||| INVOKING Spit Poison.
  1320 | D:2      | Identified the staff "Huesmuro" {rF+ Dex+2 Fire}
  1411 | D:2      | 1411 ||| UPGRADING to +6 ring of dexterity.
  1412 | D:2      | 1412 ||| READING scroll labelled LURAENYPHIUQA.
  1513 | D:2      | 1513 ||| READING 3 scrolls labelled KIASTAMAGG.
  1514 | D:2      | 1514 ||| READING scroll labelled SIKHLO ELIRPH.
  1515 | D:2      | 1515 ||| READING 2 scrolls of identify.
  1515 | D:2      | 1515 ||| IDENTIFYING fizzy cyan potion
  1520 | D:3      | Found a faded altar of an unknown god.
  1526 | D:3      | Found an ancient bone altar of Kikubaaqudgha.
  1670 | D:3      | Reached XP level 5. HP: 49/49 MP: 5/5
  1704 | D:3      | 1704 ||| INVOKING Spit Poison.
  1711 | D:3      | 1711 ||| INVOKING Spit Poison.
  1716 | D:3      | 1716 ||| INVOKING Spit Poison.
  1778 | D:3      | 1778 ||| INVOKING Spit Poison.
  1793 | D:3      | 1793 ||| INVOKING Spit Poison.
  1814 | D:3      | 1814 ||| INVOKING Spit Poison.
  1825 | D:3      | 1825 ||| INVOKING Spit Poison.
  1830 | D:3      | 1830 ||| INVOKING Spit Poison.
  1866 | D:3      | Identified the +3 leather armour "Uggiqath" {Fly Int+6
                  | Stlth-}
  1930 | D:3      | 1930 ||| INVOKING Spit Poison.
  2132 | D:3      | 2132 ||| INVOKING Spit Poison.
  2348 | D:3      | 2348 ||| UPGRADING to +0 helmet.
  2353 | D:3      | 2353 ||| UPGRADING to +3 leather armour "Uggiqath" {Fly
                  | Int+6 Stlth-}.
  2363 | D:3      | 2363 ||| DROPPING +0 leather armour.
  2364 | D:3      | 2364 ||| READING scroll labelled YHIRRE NYUBI.
  2365 | D:3      | 2365 ||| READING 2 scrolls labelled POJIPS TINU.
  2369 | D:3      | 2369 ||| DRINKING 2 blue potions.
  2376 | D:3      | 2376 ||| DROPPING potion of ambrosia.
  2388 | D:4      | Noticed an ogre
  2389 | D:4      | 2389 ||| PLANNING OSSUARY
  2390 | D:4      | 2390 ||| INVOKING Spit Poison.
  2393 | D:4      | Killed an ogre
  2394 | D:4      | Reached XP level 6. HP: 56/56 MP: 6/6
  2401 | D:4      | Found a staircase to the Ecumenical Temple.
  2441 | D:4      | 2441 ||| INVOKING Spit Poison.
  2444 | D:4      | Reached skill level 6 in Ranged Weapons
  2453 | D:4      | 2453 ||| INVOKING Spit Poison.
  2458 | D:4      | 2458 ||| INVOKING Spit Poison.
  2468 | D:4      | You are sucked into a shaft and drop 1 floor!
  2468 | D:5      | Entered Level 5 of the Dungeon
  2515 | D:5      | Found a hide-covered altar of Uskayaw.
  2531 | D:5      | 2531 ||| INVOKING Spit Poison.
  2534 | D:5      | 2534 ||| INVOKING Spit Poison.
  2551 | D:5      | 2551 ||| INVOKING Spit Poison.
  2555 | D:5      | 2555 ||| INVOKING Spit Poison.
  2569 | D:5      | Noticed an ice beast
  2576 | D:5      | Killed an ice beast
  2577 | D:5      | Reached XP level 7. HP: 42/64 MP: 7/7
  2684 | D:5      | 2684 ||| INVOKING Spit Poison.
  2687 | D:5      | 2687 ||| INVOKING Spit Poison.
  2694 | D:5      | 2694 ||| INVOKING Spit Poison.
  2809 | D:5      | Reached skill level 7 in Ranged Weapons
  2854 | D:5      | 2854 ||| READING 2 scrolls of identify.
  2854 | D:5      | 2854 ||| IDENTIFYING red potion
  2855 | D:5      | 2855 ||| DROPPING potion of brilliance.
  2888 | D:4      | 2888 ||| INVOKING Spit Poison.
  2891 | D:4      | 2891 ||| INVOKING Spit Poison.
  2904 | D:4      | 2904 ||| INVOKING Spit Poison.
  2964 | D:4      | 2964 ||| INVOKING Spit Poison.
  2987 | D:4      | 2987 ||| INVOKING Spit Poison.
  2987 | D:4      | 2987 ||| RIP OSSUARY
  2988 | D:4      | 2988 ||| PLANNING TEMPLE
  2991 | D:4      | 2991 ||| INVOKING Spit Poison.
  3040 | D:4      | 3040 ||| UPGRADING to amulet of regeneration.
  3045 | D:4      | 3045 ||| READING scroll labelled TUGGIA SYOHANU.
  3092 | Temple   | Entered the Ecumenical Temple
  3225 | Temple   | 3225 ||| PLANNING D:1-11
  3257 | D:4      | 3257 ||| INVOKING Spit Poison.
  3393 | D:4      | 3393 ||| INVOKING Spit Poison.
  3394 | D:4      | Noticed Eustachio
  3396 | D:4      | 3396 ||| INVOKING Spit Poison.
  3402 | D:4      | 3402 ||| INVOKING Spit Poison.
  3404 | D:4      | Killed Eustachio
  3405 | D:4      | Reached skill level 8 in Ranged Weapons
  3405 | D:4      | Reached XP level 8. HP: 69/72 MP: 8/8
  3422 | D:4      | Found an opulent altar of Gozag.
  3511 | D:4      | 3511 ||| INVOKING Spit Poison.
  3519 | D:4      | 3519 ||| INVOKING Spit Poison.
  3522 | D:4      | 3522 ||| INVOKING Spit Poison.
  3545 | D:4      | Found a large runed translucent door.
  3545 | D:4      | Found a large runed translucent door.
  3551 | D:4      | 3551 ||| INVOKING Spit Poison.
  3556 | D:4      | 3556 ||| INVOKING Spit Poison.
  3579 | D:4      | 3579 ||| INVOKING Spit Poison.
  3605 | D:4      | Found a large runed translucent door.
  3605 | D:4      | Found a large runed translucent door.
  3656 | D:4      | 3656 ||| INVOKING Spit Poison.
  3664 | D:4      | 3664 ||| INVOKING Spit Poison.
  3765 | D:4      | 3765 ||| INVOKING Spit Poison.
  3769 | D:4      | 3769 ||| INVOKING Spit Poison.
  3827 | D:4      | 3827 ||| INVOKING Spit Poison.
  3830 | D:4      | 3830 ||| INVOKING Spit Poison.
  3889 | D:4      | 3889 ||| INVOKING Spit Poison.
  3909 | D:4      | 3909 ||| INVOKING Spit Poison.
  3934 | D:4      | 3934 ||| INVOKING Spit Poison.
  4839 | D:5      | 4839 ||| INVOKING Spit Poison.
  4845 | D:5      | 4845 ||| INVOKING Spit Poison.
  4860 | D:5      | 4860 ||| INVOKING Spit Poison.
  4866 | D:5      | 4866 ||| INVOKING Spit Poison.
  4867 | D:5      | Reached skill level 3 in Dodging
  4872 | D:5      | 4872 ||| INVOKING Spit Poison.
  4904 | D:5      | 4904 ||| INVOKING Spit Poison.
  4909 | D:5      | 4909 ||| INVOKING Spit Poison.
  4915 | D:5      | 4915 ||| INVOKING Spit Poison.
  4926 | D:5      | 4926 ||| INVOKING Spit Poison.
  4932 | D:5      | 4932 ||| INVOKING Spit Poison.
  4960 | D:5      | 4960 ||| INVOKING Spit Poison.
  4965 | D:5      | 4965 ||| INVOKING Spit Poison.
  5199 | D:5      | 5199 ||| INVOKING Spit Poison.
  5249 | D:5      | 5249 ||| INVOKING Spit Poison.
  5283 | D:5      | 5283 ||| INVOKING Spit Poison.
  5288 | D:5      | Reached skill level 9 in Ranged Weapons
  5291 | D:5      | 5291 ||| INVOKING Spit Poison.
  5295 | D:5      | 5295 ||| INVOKING Spit Poison.
  5465 | D:5      | 5465 ||| READING scroll labelled SEXIAQ LIWN.
  5466 | D:5      | 5466 ||| DRINKING 2 bubbling white potions.
  5467 | D:5      | 5467 ||| DROPPING potion of attraction.
  5505 | D:6      | 5505 ||| INVOKING Spit Poison.
  5526 | D:6      | Reached skill level 1 in Armour
  5559 | D:6      | 5559 ||| INVOKING Spit Poison.
  5583 | D:6      | 5583 ||| INVOKING Spit Poison.
  5587 | D:6      | Reached XP level 9. HP: 78/81 MP: 9/9
  5613 | D:6      | Found an iron altar of Okawaru.
  5614 | D:6      | 5614 ||| PLANNING OKAWARU WORSHIP
  5620 | D:6      | 5620 ||| INVOKING Spit Poison.
  5626 | D:6      | Became a worshipper of Warmaster Okawaru
  5627 | D:6      | 5627 ||| PLANNING D:1-11
  5664 | D:6      | 5664 ||| READING scroll of enchant armour.
  5664 | D:6      | 5664 ||| ENCHANTING +0 helmet.
  5782 | D:6      | 5782 ||| INVOKING Spit Poison.
  5783 | D:6      | Found a glowing silver altar of Zin.
  5783 | D:6      | Found a basalt altar of Yredelemnul.
  5962 | D:7      | 5962 ||| INVOKING Spit Poison.
  5967 | D:7      | 5967 ||| INVOKING Spit Poison.
  5970 | D:7      | 5970 ||| STAIRDANCE
  5973 | D:6      | 5973 ||| INVOKING Spit Poison.
  5974 | D:6      | Reached skill level 6 in Fighting
  6023 | D:7      | Found an ornate altar of the Wu Jian Council.
  6045 | D:7      | 6045 ||| INVOKING Spit Poison.
  6051 | D:7      | 6051 ||| INVOKING Spit Poison.
  6056 | D:7      | 6056 ||| INVOKING Spit Poison.
  6061 | D:7      | 6061 ||| INVOKING Spit Poison.
  6065 | D:7      | 6065 ||| INVOKING Spit Poison.
  6073 | D:7      | 6073 ||| INVOKING Spit Poison.
  6079 | D:7      | 6079 ||| INVOKING Spit Poison.
  6083 | D:7      | HP: 15/82 [centaur/arrow (8)]
  6084 | D:7      | 6084 ||| READING scroll of teleportation.
  6085 | D:7      | HP: 5/82 [centaur/arrow (8)]
  6086 | D:7      | Shot with an arrow by a centaur

Levels and vault maps discovered:
D:1:      kilobyte_arrival_exit_the_forest, layout_basic, serial_shops, shop,
          minmay_hexomino_u4
D:2:      layout_rooms, serial_undead, serial_undead_e, serial_undead_e,
          serial_undead_b, serial_undead_e, serial_undead_e, serial_undead_a,
          dk_noncrumbling_3, kennysheep_generic_room_6
D:3:      layout_loops_corners, nicolae_kikubaaqudgha_miasma_corner,
          chequers_ecumenical_altar_simple, roderic_cross_of_infinity,
          fountainhead
D:4:      minmay_door_path, layout_loops_cross, mainiacjoe_overflow_boulevard,
          minmay_temple_entry_junction, lightli_ossuary_entry_decrepit_ruins,
          minmay_misc_feat_doors, minmay_hollow_rounded_squares, uniq_eustachio
D:5:      layout_basic, mainiacjoe_overflow_alcove_2,
          dreamdust_mushroom_princess
D:6:      layout_cave_pools, chequers_temple_overflow_statue_of_worship,
          okawaru_metal_pillars_3
D:7:      layout_loops_cross, nzn_wu_jian_contemplation,
          nemelex_spade_bored_becter, gammafunk_ghost_gnarly_gnolls
Temple:   nicolae_temple_godpark

Skill      XL: |  1  2  3  4  5  6  7  8  9 |
---------------+----------------------------+-----
Ranged Weapons | 4 5 6 8 9 |  9.3
Fighting       | 3 4 5 6 |  6.0
Dodging        | 2 3 |  3.0
Armour         | 1 |  1.4
Stealth        | |  1.5

Action                     |  1- 3 |  4- 6 |  7- 9 || total
---------------------------+-------+-------+-------++-------
   Fire: Shortbow          |    56 |   118 |   210 ||   384
Ability: Spit Poison       |    33 |    24 |    59 ||   116
    Use: Scroll            |     3 |     6 |     5 ||    14
         Potion            |       |     1 |     1 ||     2
 Armour: Leather armour    |     2 |    14 |    51 ||    67
  Dodge: Dodged            |     3 |    23 |    94 ||   120

Table legend:
 A = Non-vault XP
 B = Vault XP
 C = Vault XP percentage of total XP
 D = Non-vault monster count
 E = Vault monster count
 F = Vault count percentage of total count
                 A         B        C        D         E       F
            +---------+---------+-------+---------+---------+-------
      Total |    2273 |     421 |  15.6 |     118 |      30 |  20.3
            +---------+---------+-------+---------+---------+-------
        D:1 |      58 |       8 |  12.1 |      32 |       4 |  11.1
        D:2 |      59 |      38 |  39.2 |      19 |      14 |  42.4
        D:3 |      91 |       0 |   0.0 |      16 |       0 |   0.0
        D:4 |     523 |     375 |  41.8 |      15 |      12 |  44.4
        D:5 |    1036 |       0 |   0.0 |      20 |       0 |   0.0
        D:6 |     323 |       0 |   0.0 |      10 |       0 |   0.0
        D:7 |     183 |       0 |   0.0 |       6 |       0 |   0.0
            +---------+---------+-------+---------+---------+-------
